 Dungeon Crawl Stone Soup version 0.27.1-34-g3ba077fa99 (webtiles) character file.

Game seed: 7970694408112924776

149 Arum the Shield-Bearer (level 5, -4/43 HPs)
             Began as a Formicid Fighter on Jan 13, 2022.
             Slain by an ogre (14 damage)
             ... on level 4 of the Dungeon.
             The game lasted 00:02:45 (3178 turns).

Arum the Shield-Bearer (Formicid Fighter)           Turns: 3178, Time: 00:02:46

Health: -4/43      AC:  6    Str: 22    XL:     5   Next: 56%
Magic:  14/14      EV:  9    Int:  7    God:
Gold:   150        SH: 10    Dex: 10    Spells: 4/4 levels left

rFire    x . .     SeeInvis +   a - +0 war axe
rCold    . . .     Faith    .   c - +0 kite shield
rNeg     + . .     Spirit   .   v - +1 ring mail of Fortification {Harm Rampage rF- Slay+5}
rPois    .         Reflect  .   (helmet unavailable)
rElec    .         Harm     +   (no cloak)
rCorr    .         Rampage  +   (no gloves)
Will     .....                  (no boots)
Stlth    ..........             j - amulet of the acrobat
HPRegen  0.14/turn              q - ring of magical power
MPRegen  0.14/turn              t - ring of positive energy

@: no status effects
A: permanent stasis, dig shafts and tunnels, antennae 3, four strong arms
a: Dig, Shaft Self


You were on level 4 of the Dungeon.
You visited 1 branch of the dungeon, and saw 4 of its levels.

You collected 150 gold pieces.

Inventory:

Hand Weapons
 a - a +0 war axe (weapon)
 o - a +0 hand axe
Missiles
 p - 2 throwing nets
Armour
 b - a +0 scale mail
 c - a +0 kite shield (worn)
 v - the +1 ring mail of Fortification (worn) {Harm Rampage rF- Slay+5}
   (You found it on level 4 of the Dungeon)

   Slay:      It affects your accuracy & damage with ranged weapons and melee
   (+5).
   rF:        It makes you vulnerable to fire.
   Harm:      It increases damage dealt and taken.
   Rampage:   It bestows one free step when moving towards enemies.
Jewellery
 j - an amulet of the acrobat (around neck)
 q - a ring of magical power (left hand)
 t - a ring of positive energy (right hand)
Scrolls
 e - a scroll of noise {unknown}
 f - a scroll of blinking {unknown}
 h - a scroll of silence {unknown}
 k - a scroll of magic mapping {unknown}
 l - 2 scrolls of identify {unknown}
 m - a scroll of enchant armour {unknown}
 r - 2 scrolls of summoning {unknown}
 s - a scroll of amnesia {unknown}
 u - a scroll of immolation {unknown}
Potions
 d - a potion of might
 g - 2 potions of curing {unknown}
 i - a potion of haste {unknown}
 n - 4 potions of lignification {unknown}


   Skills:
 + Level 4.5 Fighting
 + Level 3.4 Axes
 - Level 3.2 Armour
 + Level 5.0 Shields


You had 4 spell levels left.
You didn't know any spells.
Your spell library was empty.

Dungeon Overview and Level Annotations

Branches:
Dungeon (4/15)
 Temple: D:4-7

Altars:
Fedhas
Sif Muna


Innate Abilities, Weirdness & Mutations

You cannot be hasted, slowed, berserked, paralysed or teleported.
You can dig through walls and to a lower floor.
You have a pair of large antennae on your head. (SInv)
Your four strong arms can wield two-handed weapons with a shield.


Message History

No target in view!
HP restored.
You open the door.
There is an open door here.
You open the door.
There is an open door here.
There is an open door here.
You sense a monster nearby.
You sense a monster nearby.
A goblin comes into view. It is wielding a +0 club.
A black bear comes into view.
The goblin shouts!
You rampage towards the goblin!
An ogre comes into view. It is wielding a +0 giant club.
The black bear completely misses you. You block the black bear's attack. x2
You slash the black bear!
The black bear is severely wounded.
The black bear bites you.
The black bear claws you but does no damage.
You block the black bear's attack. The goblin hits you but does no damage.
You barely miss the black bear.
The black bear is severely wounded.
You closely miss the goblin. The black bear bites you.
The black bear claws you but does no damage.
The black bear barely misses you. The goblin hits you but does no damage.
The black bear bites you!
The black bear claws you but does no damage. x2
You barely miss the black bear.
The black bear is severely wounded.
You closely miss the goblin. You block the goblin's attack.
The black bear bites you! The black bear barely misses you.
The black bear claws you but does no damage.
The ogre hits you with a +0 giant club!
* * * LOW HITPOINT WARNING * * *
You block the goblin's attack.
You slash the black bear!
You kill the black bear!
You hit the ogre. You barely miss the goblin.
The goblin hits you but does no damage. The ogre hits you with a +0 giant club!
You die...

.....# #### .....#
#..####### .....#
....#....# .....#
#...'....# .....#
#..####### .....#
#.<##....########g....#
'.........#.....@†....#
#.........#......O....#
#..########....########
#..## ..##....##.....#
#...# ...............#
#...# ...............#
#...# ...............#
'...# ...............#
#+### #.########+##'###


You could see an ogre and a goblin.

Vanquished Creatures
  A black bear (D:4)
  4 gnolls (D:2)
  3 adders
  An ufetubus (D:4)
  A worm (D:3)
  2 dart slugs
  6 ball pythons
  5 bats
  12 endoplasms
  3 giant cockroaches
  4 goblins
  6 hobgoblins
  12 kobolds
  A quokka (D:1)
  5 frilled lizards
  A quokka skeleton (D:4)
  5 rats
72 creatures vanquished.

Notes
Turn   | Place    | Note
-------+----------+-------------------------------------------
     0 | D:1      | Arum the Formicid Fighter began the quest for the Orb.
     0 | D:1      | Reached XP level 1. HP: 18/18 MP: 1/1
    81 | D:1      | Reached XP level 2. HP: 24/24 MP: 2/2
   282 | D:1      | Reached skill level 4 in Shields
   611 | D:1      | Reached XP level 3. HP: 30/30 MP: 3/3
   835 | D:1      | Found a faded altar of an unknown god.
  1183 | D:2      | Reached XP level 4. HP: 16/37 MP: 4/4
  1663 | D:2      | Reached XP level 5. HP: 36/42 MP: 5/5
  2481 | D:3      | Found a shimmering blue altar of Sif Muna.
  3010 | D:4      | Identified the +1 ring mail of Fortification {Harm Rampage
                  | rF- Slay+5}
  3079 | D:4      | Found a blossoming altar of Fedhas.
  3122 | D:4      | Reached skill level 5 in Shields
  3173 | D:4      | Noticed a black bear
  3174 | D:4      | Noticed an ogre
  3178 | D:4      | Killed a black bear
  3178 | D:4      | Slain by an ogre

Illustrated notes

Levels and vault maps discovered:
D:1:      minmay_arrival_plants_in_alcoves, layout_loops_ring,
          basic_ecumenical_altar, minmay_tetromino_s2
D:2:      layout_basic, minmay_misc_feat_encased,
          wander_ebering_terrifying_dragon_lair
D:3:      layout_loops_ring, lemuel_round_altar, minmay_strange_pillars
D:4:      layout_gridville, mainiacjoe_overflow_small_starburst,
          minmay_temple_entry_glass, uniq_duvessa

Skill      XL: |  1  2  3  4  5 |
---------------+----------------+-----
Shields        | 4 5 |  5.0
Fighting       | 4 |  4.5
Axes           | 3 |  3.4
Armour         | |  3.2

Action                   |  1- 3 |  4- 6 || total
-------------------------+-------+-------++-------
Melee: War axe           |    80 |   131 ||   211
 Abil: Dig               |     1 |       ||     1
Armor: Scale mail        |    21 |    40 ||    61
       Ring mail         |       |    11 ||    11
Dodge: Dodged            |    38 |    58 ||    96
Block: Kite shield       |    49 |    95 ||   144
